 Dungeon Crawl Stone Soup version 0.31-a0-940-gdaa99269f9 (webtiles) character file.

Game seed: 1588157370160127952

912 rvierbuc the Trooper (level 7, -3/60 HPs)
             Began as a Demigod Fighter on Oct 20, 2023.
             Slain by a kobold brigand
             ... wielding a +0 short sword of venom
              (4 damage)
             ... on level 5 of the Dungeon.
             The game lasted 00:10:39 (3961 turns).

rvierbuc the Trooper (Demigod Fighter)              Turns: 3961, Time: 00:10:40

Health: -3/60      AC: 10    Str: 25    XL:     7   Next: 52%
Magic:  18/18      EV: 14    Int:  6    God:
Gold:   220        SH:  5    Dex: 15    Spells: 6/6 levels left

rFire   . . .        a - +0 war axe
rCold   . . .        c - +0 buckler
rNeg    . . .        b - +0 scale mail
rPois   .            f - +1 helmet
rElec   .            (no cloak)
rCorr   .            i - +0 pair of gloves
SInv    .            (no boots)
Will    +++..        y - amulet "Tyczex" {RegenMP +Inv Will+++ Int-4 Dex+2} Stlth
                     j - +5 ring of evasion
HPRegen 0.30/turn    t - ring of magical power
MPRegen 0.56/turn

%: no passive effects
@: brilliant, lethally poisoned (-3 -> -15)
A: high MP 1, forlorn, divine attributes
a: Evoke Invisibility


You were on level 5 of the Dungeon.
You visited 1 branch of the dungeon, and saw 5 of its levels.

You collected 220 gold pieces.

Inventory:

Hand Weapons
 a - a +0 war axe (weapon)
 n - a +0 war axe
Missiles
 u - a throwing net
 w - 7 poisoned darts (quivered)
Armour
 b - a +0 scale mail (worn)
 c - a +0 buckler (worn)
 f - a +1 helmet (worn)
 i - a +0 pair of gloves (worn)
Jewellery
 j - a +5 ring of evasion (left hand)
 t - a ring of magical power (right hand)
 y - the amulet "Tyczex" (around neck) {RegenMP +Inv Will+++ Int-4 Dex+2}
   (You found it on level 4 of the Dungeon)

   [amulet of magic regeneration]

   RegenMP:   It increases your rate of magic regeneration.
   Int-4:     It affects your intelligence (-4).
   Dex+2:     It affects your dexterity (+2).
   Will+++:   It greatly increases your willpower.
   +Inv:      It lets you turn invisible.
 C - an amulet of regeneration
Talismans
 m - a beast talisman
Wands
 A - a wand of iceblast (8)
Scrolls
 e - 5 scrolls of enchant armour
 g - a scroll of amnesia {unknown}
 h - a scroll of blinking {unknown}
 p - a scroll of fog {unknown}
 s - a scroll of poison {unknown}
 v - a scroll of torment {unknown}
 x - 2 scrolls of fear {unknown}
 B - a scroll of noise
 D - a scroll of enchant weapon {unknown}
Potions
 d - a potion of might
 k - 2 potions of attraction
 l - a potion of haste
 o - a potion of ambrosia
 r - a potion of berserk rage {unknown}
 z - a potion of magic
 E - a potion of curing {unknown}


   Skills:
 + Level 4.9 Fighting
 + Level 4.3 Axes
 + Level 4.8 Armour
 + Level 4.8 Shields


You had 6 spell levels left.
You didn't know any spells.
Your spell library contained the following spells:

 Spells                   Type           Power      Damage    Failure   Level
 Magic Dart               Conj           0%         1d3       80%         1
 Shock                    Conj/Air       0%         1d3       80%         1
 Sting                    Tmut/Pois      0%         1d3       80%         1
 Blink                    Tloc           0%         N/A       90%         2
 Call Imp                 Summ           0%         N/A       90%         2
 Poisonous Vapours        Pois/Air       0%         N/A       90%         2
 Mephitic Cloud           Conj/Pois/Air  0%         N/A       99%         3
 Swiftness                Air            0%         N/A       99%         3
 Volatile Blastmotes      Fire/Tloc      0%         2d10      99%         3
 Airstrike                Air            0%         2d(0-16)  100%        4
 Fulminant Prism          Conj/Hex       0%         3d5       100%        4
 Iskenderun's Mystic Bla  Conj/Tloc      0%         2d3       100%        4
 Manifold Assault         Tloc           0%         N/A       100%        4
 Olgreb's Toxic Radiance  Pois           0%         N/A       100%        4
 Summon Ice Beast         Ice/Summ       0%         N/A       100%        4
 Freezing Cloud           Conj/Ice/Air   0%         6-21      100%        5
 Summon Mana Viper        Hex/Summ       0%         N/A       100%        5
 Monstrous Menagerie      Summ           0%         N/A       100%        7


Dungeon Overview and Level Annotations

Branches:
Dungeon (5/15)             Temple (0/1) D:5

Shops:
D:4 [


Innate Abilities, Weirdness & Mutations

You have an increased reservoir of magic. (+10% MP)
You shall have no god before yourself.
Your divine heritage dramatically boosts your attributes as you level up.


Message History

You hit the howler monkey but do no damage.
The howler monkey is heavily wounded.
The howler monkey misses you. The gnoll hits you but does no damage.
The howler monkey barely misses you.
You hit the howler monkey but do no damage.
The howler monkey is heavily wounded.
The gnoll hits you from afar with a +0 spear.
The howler monkey hoots and howls with incredible vigour!
You hear a shout!
You hear a howl!
You hear a shout!
You hear a bark! x2
You hear a shout!
You hear a bark! x3; You hear a shout!
You slash the howler monkey!
You kill the howler monkey!
The gnoll hits you from afar with a +0 spear.
* * * LOW HITPOINT WARNING * * *
The gnoll barely misses you.
The kobold brigand hits you with a +0 short sword of venom.
* * * LOW HITPOINT WARNING * * *
You are poisoned.
Okay, then.
You don't know any spells.
You slash the kobold brigand!
The kobold brigand is moderately wounded.
You feel very sick. The gnoll barely misses you.
The kobold brigand closely misses you.
A howler monkey comes into view.
You slash the kobold brigand!
The kobold brigand is severely wounded.
You feel very sick.
The howler monkey hoots and howls with incredible vigour!
The gnoll misses you.
The kobold brigand hits you with a +0 short sword of venom.
* * * LOW HITPOINT WARNING * * *
You are lethally poisoned!
You hear a shout! x2
It was a potion of brilliance.
You feel clever all of a sudden.
* * * LOW HITPOINT WARNING * * *
You feel very sick.
The kobold brigand hits you with a +0 short sword of venom.
You die...

. .###### ...... '#h... #... #g.
#K###############
#@))...)))...'... #....~~~
#.......#)...#... #...P~≈#
#.......#....# #....~≈#
#############''''#### #....≈≈#.
#........)...........
#....~≈#####≈≈≈~~~≈~~≈≈~....~≈≈~
#....≈≈≈≈≈≈≈≈≈≈≈≈≈≈≈≈≈≈~....~≈≈≈
#....~~~~~~~~~~~~~≈~~≈~~....~~~~
#.....P.........................


You could see a kobold brigand, a howler monkey (catching breath) and a gnoll.

Vanquished Creatures
  A black bear (D:4)
  3 phantoms (D:5)
  A howler monkey (D:5)
  A hound (D:4)
  A jelly (D:5)
  3 orc priests (D:5)
  A sleepcap (D:5)
  3 iguanas (D:5)
  3 orc wizards
  Terence (D:3)
  2 adders (D:2)
  4 gnolls (D:5)
  A white imp (D:5)
  7 worms
  4 dart slugs
  18 orcs
  4 ball pythons
  6 bats
  5 endoplasms
  2 giant cockroaches
  6 goblins
  11 hobgoblins
  6 jackals
  5 quokkas
  2 frilled lizards
  8 kobolds
  11 rats
120 creatures vanquished.

Notes
Turn   | Place    | Note
-------+----------+-------------------------------------------
     0 | D:1      | rvierbuc the Demigod Fighter began the quest for the Orb.
     0 | D:1      | Reached XP level 1. HP: 18/18 MP: 3/3
   109 | D:1      | Reached XP level 2. HP: 23/25 MP: 4/4
   926 | D:2      | Reached XP level 3. HP: 31/31 MP: 5/5
  1768 | D:3      | Reached XP level 4. HP: 14/38 MP: 6/6
  1950 | D:3      | Noticed Terence
  1954 | D:3      | Killed Terence
  2796 | D:4      | Reached XP level 5. HP: 37/46 MP: 7/7
  2864 | D:4      | Identified the amulet "Tyczex" {RegenMP +Inv Will+++ Int-4
                  | Dex+2}
  3117 | D:4      | Found Naro's Armour Boutique.
  3119 | D:4      | Noticed a black bear
  3143 | D:4      | Killed a black bear
  3353 | D:5      | Entered Level 5 of the Dungeon
  3366 | D:5      | Reached XP level 6. HP: 50/52 MP: 8/8
  3555 | D:5      | Found a staircase to the Ecumenical Temple.
  3587 | D:5      | Reached XP level 7. HP: 56/60 MP: 9/9
  3961 | D:5      | HP: 1/60 [poisoned by a kobold brigand]
  3961 | D:5      | Slain by a kobold brigand

Illustrated notes

Levels and vault maps discovered:
D:1:      arrival_zaba_pyramid, layout_loops_ring, item_on_display_a
D:2:      layout_loops_corners, ebering_ecumenical_altar_abandoned
D:3:      layout_basic, hex_medium, hangedman_abyss_or_decor_stabs,
          minmay_quantized, uniq_terence
D:4:      layout_rooms, serial_shops, shop, minmay_hedge_maze, glass_columns_a
D:5:      lemuel_castle_with_subvaults [lemuel_castle_interior_carwin_3],
          layout_loops_ring, minmay_temple_entry_slanted

Skill      XL: |  1  2  3  4  5  6  7 |
---------------+----------------------+-----
Axes           | 2 3 4 |  4.3
Fighting       | 3 4 |  4.9
Armour         | 3 4 |  4.8
Shields        | 3 4 |  4.8

Action                     |  1- 3 |  4- 6 |  7- 9 || total
---------------------------+-------+-------+-------++-------
  Melee: War axe           |   134 |   166 |    60 ||   360
    Use: Scroll            |       |     5 |       ||     5
         Potion            |       |     1 |     1 ||     2
 Armour: Scale mail        |   101 |   112 |    47 ||   260
  Dodge: Dodged            |    56 |   127 |    68 ||   251
  Block: Buckler           |    43 |    60 |    14 ||   117

Table legend: (Time is in decaauts)
 A = Elapsed time spent in this place.
 B = Non-inter-level travel time spent in this place.
 C = Inter-level travel time spent in this place.
 D = Time resting spent in this place.
 E = Time spent auto-exploring this place.
 F = Levels seen in this place.
 G = Mean time per level.
                   A        B        C        D        E       F      G
               +--------+--------+--------+--------+--------+-----+--------+
         Total |   4081 |   3981 |    100 |    233 |   2827 |   5 |  816.2 |
       Dungeon |   4081 |   3981 |    100 |    233 |   2827 |   5 |  816.2 |
               +--------+--------+--------+--------+--------+-----+--------+

Top non-repeatable levels by time:
     D:3: 999 daAuts
     D:2: 960 daAuts
     D:1: 799 daAuts
     D:4: 679 daAuts
     D:5: 642 daAuts
